Map: 궤도 조선소

Players

speaknow (ByuN) - Winner!

  • Race: Terran Terran
  • League: Platinum

TOP

  • Race: Terran Terran

Event: Gauntlet LotV Series 1 Qualifier 1

VOD

Have the link to the VOD?

Description

Time

  • Played on: Nov. 22, 2015, 5:55 p.m.
  • Length: 13:07

All games in this series

Show
View Real Time Build Order
Export as new Build Order

speaknow Terran - Winner!

Build Orders: RBR, Liberator Opening 

Get SALT Encoding   

  12  0:00  SCV  
  13  0:13  SCV  
  14  0:19  Supply Depot  
  14  0:25  SCV  
  14  0:27  Refinery  
  15  0:40  SCV  
  16  0:44  Barracks  
  16  0:52  SCV  
  16  0:56  Refinery  
  17  1:04  SCV  
  18  1:16  SCV  
  19  1:31  Reaper, Orbital Command  
  20  1:35  Factory  
  20  1:46  Supply Depot  
  20  1:56  SCV  
  21  2:04  Reaper  
  22  2:08  SCV  
  22  2:15  Bunker  
  23  2:20  SCV  
  23  2:32  SCV, Widow Mine  
  23  2:35  Marine  
  25  2:45  SCV  
  25  2:51  Supply Depot  
  26  2:57  SCV  
  27  2:59  Marine  
  27  3:01  Starport  
  27  3:09  SCV  
  27  3:10  Widow Mine  
  30  3:21  SCV  
  30  3:25  Marine  
  31  3:33  SCV  
  32  3:40  Medivac  
  36  3:41  Hellion  
  36  3:45  SCV, Supply Depot  
  36  3:48  Marine  
  37  3:54  Liberator  
  38  4:06  Marine  
  38  4:08  Widow Mine  
  40  4:11  Supply Depot  
  41  4:30  Command Center  
  41  4:32  Barracks Reactor  
  41  4:36  Supply Depot  
  41  4:39  SCV  
  41  4:42  Factory Tech Lab  
  42  4:51  SCV  
  43  5:03  SCV  
  43  5:11  Marine x2  
  43  5:13  Factory Tech Lab  
  45  5:15  SCV  
  45  5:18  Banshee, Cloaking Field  
  47  5:27  SCV  
  48  5:31  Marine x2  
  50  5:39  SCV  
  44  5:43  Siege Tank  
  44  5:45  Orbital Command  
  44  5:49  Marine x2  
  49  5:51  SCV  
  50  6:03  Banshee  
  50  6:04  SCV  
  54  6:07  Marine x2  
  56  6:16  SCV x2  
  58  6:18  Siege Tank  
  61  6:28  SCV x2  
  61  6:30  Command Center  
  61  6:32  Barracks  
  63  6:35  Barracks Tech Lab  
  63  6:38  Barracks  
  63  6:40  SCV x2  
  63  6:41  Supply Depot  
  63  6:45  Supply Depot  
  65  6:51  Engineering Bay  
  65  6:52  SCV x2  
  67  6:56  Starport Reactor  
  67  6:57  Engineering Bay  
  67  7:04  SCV x2  
  67  7:06  Marine  
  67  7:07  Stimpack  
  67  7:15  Siege Tank  
  67  7:16  SCV x2  
  72  7:24  Terran Infantry Weapons Level 1, Terran Infantry Armor Level 1  
  72  7:28  SCV x2  
  76  7:32  Marine  
  76  7:33  Marine x2  
  76  7:36  Barracks  
  74  7:38  Barracks  
  74  7:39  Refinery x2  
  74  7:43  SCV  
  74  7:44  SCV, Orbital Command  
  76  7:54  Marine  
  76  7:55  Marine x3  
  76  7:56  Combat Shields  
  76  7:57  Siege Tank  
  83  7:59  SCV x2  
  85  8:06  Supply Depot  
  85  8:11  SCV x2  
  85  8:12  Marine x2  
  87  8:13  Marine x2  
  87  8:17  Medivac x2  
  87  8:19  SCV  
  96  8:23  SCV x2  
  96  8:24  Supply Depot  
  98  8:31  SCV, Supply Depot  
  98  8:34  Barracks Reactor x2  
  99  8:35  SCV, Marine x4  
  99  8:39  SCV  
  105  8:43  SCV, Missile Turret  
  105  8:46  Refinery  
  105  8:47  SCV  
  105  8:48  Refinery  
  107  8:51  SCV  
  107  8:52  Marine  
  107  8:53  Marine x3  
  107  8:54  Medivac x2  
  116  8:55  SCV  
  116  9:00  SCV  
  116  9:02  Supply Depot  
  118  9:03  SCV  
  118  9:04  Supply Depot  
  118  9:06  Armory  
  118  9:08  SCV  
  118  9:09  Marine x2  
  121  9:10  Marine x2  
  121  9:12  SCV  
  125  9:20  Supply Depot  
  125  9:21  Sensor Tower  
  125  9:23  Marine x4  
  129  9:26  Missile Turret  
  129  9:27  Missile Turret  
  129  9:28  Marine x4  
  133  9:41  Marine x3  
  133  9:44  Marine  
  137  9:45  Marine x2  
  137  9:46  Marine x2  
  141  9:53  Terran Infantry Weapons Level 2, Terran Infantry Armor Level 2  
  141  9:58  Siege Tank  
  141  9:59  Marine x3  
  147  10:01  Factory  
  147  10:02  Marine  
  147  10:03  Marine  
  149  10:08  Terran Vehicle Weapons Level 1  
  149  10:11  Supply Depot x2  
  149  10:12  Supply Depot  
  149  10:24  Supply Depot  
  149  10:28  Command Center  
  149  10:32  Medivac, Marine x6  
  149  10:33  Medivac, Siege Tank, Marine x2  
  164  10:36  Supply Depot  
  164  10:39  Supply Depot x2  
  161  10:50  Marine x6  
  164  10:59  Marine  
  164  11:00  Marine  
  164  11:02  Medivac  
  164  11:03  Medivac  
  170  11:04  Factory Tech Lab  
  170  11:05  Siege Tank  
  170  11:08  Marine x4  
  177  11:12  Marine x2  
  177  11:17  Marine x2  
  181  11:22  Barracks  
  181  11:25  Siege Tank  
  184  11:26  Marine  
  184  11:28  Barracks  
  184  11:30  Barracks  
  185  11:33  Marine x5  
  185  11:35  Marine x2  
  185  11:37  Siege Tank  
  185  11:39  Medivac x2  
  197  11:43  Marine  
  198  11:48  Planetary Fortress  
  198  11:53  Missile Turret  
  198  11:57  Marine  
  181  12:04  Marine x3  
  181  12:05  Siege Tank  
  181  12:07  Marine x3  
  181  12:08  Marine  
  188  12:09  Medivac x2  
  192  12:16  Barracks Reactor x3  
  192  12:21  Marine  
  192  12:22  Marine  
  191  12:23  Marine  
  191  12:24  Marine  
  191  12:25  Marine  
  191  12:29  Siege Tank  
  183  12:32  Marine  
  183  12:33  Marine  
  183  12:34  Marine  
  183  12:39  Marine x2  
  183  12:41  Marine  
  183  12:42  Marine  
  183  12:43  Marine  
Show
View Real Time Build Order
Export as new Build Order

TOP Terran 

Build Orders: MMM Bio 

Get SALT Encoding   

  12  0:01  SCV  
  13  0:18  Supply Depot  
  13  0:26  SCV  
  14  0:39  SCV  
  14  0:41  Barracks  
  15  0:44  Refinery  
  15  0:51  SCV  
  16  1:03  SCV  
  17  1:15  SCV  
  18  1:28  Barracks Tech Lab, Orbital Command  
  18  1:30  Barracks  
  18  1:42  Supply Depot  
  18  1:46  Concussive Shells, Marauder  
  20  1:55  SCV  
  21  2:07  SCV  
  21  2:08  Marauder  
  24  2:12  Supply Depot  
  24  2:18  Engineering Bay  
  23  2:23  Marine  
  23  2:26  SCV  
  25  2:32  Marauder  
  27  2:38  SCV  
  27  2:43  Marine  
  29  2:50  SCV  
  30  2:53  Marauder  
  32  3:01  Factory, Marine  
  32  3:02  SCV  
  34  3:14  SCV  
  34  3:17  Refinery  
  34  3:19  Marine  
  35  3:26  SCV  
  33  3:36  Marine  
  33  3:38  SCV  
  34  3:54  Marine  
  35  3:57  Hellion, Starport  
  37  4:07  SCV  
  37  4:23  SCV  
  37  4:24  Factory Tech Lab  
  38  4:27  Marine  
  39  4:37  Supply Depot x2  
  39  4:50  Command Center  
  39  4:56  Viking  
  39  4:58  Cyclone  
  41  5:09  SCV  
  41  5:22  SCV  
  41  5:26  Viking  
  47  5:40  SCV  
  42  5:47  Siege Tank  
  42  5:49  Barracks Tech Lab  
  42  5:52  SCV  
  43  5:57  Medivac  
  43  6:02  Command Center, Orbital Command  
  45  6:08  Stimpack  
  45  6:12  Marine  
  46  6:23  Engineering Bay  
  46  6:25  Orbital Command  
  46  6:27  Medivac  
  46  6:29  Marine  
  47  6:35  SCV  
  47  6:39  Siege Tank  
  51  6:47  Marine  
  51  6:52  Missile Turret  
  52  7:07  SCV  
  50  7:11  SCV  
  50  7:14  Marine  
  52  7:16  Missile Turret  
  52  7:19  SCV, Orbital Command  
  52  7:26  SCV  
  52  7:33  SCV  
  52  7:35  Medivac  
  52  7:40  SCV  
  52  7:41  Missile Turret  
  53  7:45  SCV  
  53  7:46  Marine  
  53  7:48  SCV  
  56  7:52  SCV  
  56  7:57  SCV  
  58  8:00  SCV  
  58  8:04  SCV  
  60  8:05  Marine  
  60  8:09  Combat Shields, SCV  
  60  8:12  SCV  
  63  8:16  SCV  
  63  8:18  Siege Tank  
  67  8:21  SCV  
  67  8:24  SCV  
  67  8:25  Starport Reactor  
  68  8:28  SCV, Barracks  
  68  8:30  Barracks  
  68  8:32  Marine  
  68  8:33  SCV  
  71  8:36  SCV  
  71  8:41  SCV  
  73  8:42  Barracks  
  73  8:45  SCV, Barracks  
  73  8:46  Terran Infantry Weapons Level 1, Supply Depot  
  74  8:49  Marine  
  75  8:56  SCV x2  
  75  9:00  Siege Tank  
  80  9:03  SCV  
  80  9:07  Supply Depot, Marine  
  80  9:08  SCV x2, Supply Depot  
  84  9:10  Refinery x2  
  84  9:18  Medivac x2  
  84  9:22  Refinery x2  
  84  9:23  SCV x2  
  90  9:25  Marine  
  90  9:27  Barracks Reactor  
  90  9:28  SCV  
  90  9:30  Supply Depot  
  92  9:35  SCV x2  
  92  9:37  Barracks Reactor  
  94  9:45  Barracks Reactor x2  
  93  9:58  Medivac  
  89  10:02  SCV x3  
  91  10:07  Missile Turret  
  91  10:08  Missile Turret  
  91  10:10  Barracks Reactor, Missile Turret  
  91  10:12  Armory, Engineering Bay  
  91  10:13  Supply Depot  
  91  10:14  SCV x2, Marine x4  
  93  10:16  Factory  
  97  10:25  Marine x4  
  101  10:29  SCV  
  101  10:30  SCV  
  101  10:32  Marine x4  
  107  10:39  Barracks x2  
  107  10:40  Siege Tank  
  108  10:43  Marine x4  
  108  10:48  Marine x2  
  108  10:49  Marine x2  
  114  10:50  Marine x2  
  110  11:01  Marine x4  
  109  11:05  Marine  
  109  11:06  Marine  
  109  11:07  Marine x4  
  111  11:16  Medivac  
  111  11:17  Medivac  
  115  11:19  Marine x2  
  115  11:20  Orbital Command  
  117  11:28  Marine x4  
  119  11:41  Siege Tank  
  119  11:42  Marine  
  119  11:46  Marine  
  124  11:49  Supply Depot  
  124  11:50  Supply Depot  
  103  12:05  Marine x2  
  103  12:06  Marine x7  
  105  12:12  Marine x3  
  108  12:27  Marine x4  
  99  12:35  Marine x4  
  100  12:37  Marine  
  100  12:44  Marine x2  
Tags
 
Add a new tag
Caveats
  • Supply blocks, unpowered buildings, or Contaminate may cause inaccurate times.
  • Supply counts are checked every 10 seconds.